 Dungeon Crawl Stone Soup version 0.27-a0-1591-gc56fcc985a (webtiles) character file.

Game seed: 13905821119556260512

18627 quinnr the Stormcaller (level 12, -4/69 HPs)
             Began as a Tengu Air Elementalist on July 19, 2021.
             Was a Believer of Vehumet.
             Slain by an eight-headed hydra (8 damage)
             ... on level 4 of the Lair of Beasts.
             The game lasted 00:40:53 (16757 turns).

quinnr the Stormcaller (Tengu Air Elementalist)    Turns: 16757, Time: 00:40:53

Health: -4/69      AC:  7    Str: 11    XL:     12   Next: 60%
Magic:  14/23      EV: 20    Int: 25    God:    Vehumet [**....]
Gold:   944        SH:  6    Dex: 14    Spells: 11/25 levels left

rFire    + . .     SeeInvis .   u - staff of cold
rCold    + . .     Faith    .   o - +1 buckler
rNeg     . . .     Spirit   .   f - +2 robe {Will+}
rPois    .         Reflect  .   (helmet restricted)
rElec    .         Harm     .   I - +2 cloak {rF+}
rCorr    .         Rampage  .   (no gloves)
Will     +....                  (boots unavailable)
Stlth    +++.......             e - amulet of regeneration
HPRegen  1.21/turn              P - +4 ring of evasion
MPRegen  0.18/turn              y - +6 ring of intelligence

@: flying quickly and evasively, quick
A: beak, talons 3, nimble flight
a: Renounce Religion


You were on level 4 of the Lair of Beasts.
You worshipped Vehumet.
Vehumet was pleased with you.
You visited 3 branches of the dungeon, and saw 13 of its levels.
You also visited: Volcano.

You collected 944 gold pieces.

Inventory:

Hand Weapons
 j - a +1 dagger of protection
 A - a +3 demon blade of flaming
 B - the +7 hand axe of Popular Demand {antimagic, *Slow rN+++}
   (You found it on level 6 of the Dungeon)

   It reduces the magical energy of the wielder, and disrupts the spells and
   magical abilities of those it strikes.
   Natural abilities and divine invocations are not affected.
   rN:        It renders you almost immune to negative energy.
   *Slow:     It may slow you when you take damage.
Missiles
 D - 4 curare-tipped darts
 F - 5 atropa-tipped darts
 Q - a throwing net
Armour
 b - a scarf of resistance
 f - a +2 robe of willpower (worn)
 o - a +1 buckler (worn)
 x - a +2 robe of positive energy
 G - a scarf of repulsion
 I - a +2 cloak of fire resistance (worn)
Magical Staves
 u - a staff of cold (weapon)
Jewellery
 e - an amulet of regeneration (around neck)
 s - a +6 ring of dexterity
 y - a +6 ring of intelligence (right hand)
 P - a +4 ring of evasion (left hand)
Wands
 m - a wand of polymorph (20)
 E - a wand of acid (6)
 H - a wand of flame (20)
 J - a wand of charming (6)
 L - a wand of digging (11)
Scrolls
 c - a scroll of enchant weapon
 g - 2 scrolls of noise
 k - 3 scrolls of teleportation
 n - a scroll of fog
 t - 3 scrolls of amnesia
 z - a scroll of brand weapon
 C - a scroll of vulnerability
 R - a scroll of holy word {unknown}
Potions
 a - a potion of lignification {unknown}
 d - 5 potions of haste
 h - 10 potions of curing
 i - 3 potions of mutation
 p - a potion of cancellation
 q - 4 potions of degeneration
 r - 4 potions of flight
 v - a potion of might {unknown}
 w - a potion of resistance
 K - a potion of berserk rage
 M - 2 potions of attraction
 N - a potion of brilliance {unknown}
 O - 2 potions of magic {unknown}


   Skills:
 + Level 5.8 Fighting
 - Level 1.0 Short Blades
 - Level 5.0 Dodging
 + Level 5.9 Stealth
 - Level 4.0 Shields
 - Level 7.0 Spellcasting
 + Level 4.0 Conjurations
 - Level 3.0 Summonings
 + Level 18.0 Air Magic
 - Level 6.0 Evocations


You had 11 spell levels left.
You knew the following spells:

 Your Spells              Type           Power      Damage    Failure   Level
a - Shock                 Conj/Air       100%       1d9       1%          1
b - Airstrike             Air            39%        N/A       1%          4
c - Summon Lightning Spi  Summ/Air       57%        N/A       1%          4
d - Lightning Bolt        Conj/Air       29%        1d46      1%          5

Your spell library contained the following spells:

 Spells                   Type           Power      Damage    Failure   Level
 Foxfire                  Conj/Fire      72%        2x1d7     3%          1
 Swiftness                Air            78%        N/A       0%          3
 Static Discharge         Conj/Air       59%        N/A       1%          2
 Slow                     Hex            8%         N/A       10%         2
 Confusing Touch          Hex            8%         N/A       21%         3
 Animate Dead             Necr           4%         N/A       54%         4
 Yara's Violent Unravell  Hex/Tmut       4%         3d4       88%         5
 Haunt                    Necr/Summ      8%         N/A       100%        7
 Infestation              Necr           4%         N/A       100%        8


Dungeon Overview and Level Annotations

Branches:
Dungeon (8/15)             Temple (1/1) D:4            Lair (4/6) D:8
  Swamp (0/4) Lair:2       Spider (0/4) Lair:2      Volcano (visited)

Altars:
Ashenzari
Cheibriados
Dithmenos
Elyvilon
Fedhas
Gozag
Hepliaklqana
Makhleb
Nemelex Xobeh
Okawaru
Qazlal
Ru
Sif Muna
Trog
Uskayaw
Vehumet
Wu Jian
Xom
Zin
The Shining One

Shops:
D:5 (


Innate Abilities, Weirdness & Mutations

You have a beak for a mouth.
You have claws for feet.
Your magical nature lets you fly swiftly and evasively.


Message History

The eight-headed hydra closely misses you.
The eight-headed hydra misses you. x2
The eight-headed hydra closely misses you.
The eight-headed hydra bites you! x2
Casting: Summon Lightning Spire (dangerous; 1% risk of failure)
Confirm with . or Enter, or press ? or * to list all spells.
Aiming: Lightning Bolt (dangerous; 1% risk of failure)
Press: ? - help, Shift-Dir - straight line, f - eight-headed hydra
Aim: an eight-headed hydra (ally target, 88% to hit)
You hear a mighty clap of thunder!
The bolt of lightning hits the eight-headed hydra!
The eight-headed hydra is lightly wounded.
You hear a croak.
You hear an angry hiss.
You hear a croak.
You hear an angry hiss. x2
A bullfrog comes into view.
The eight-headed hydra bites you.
You block the eight-headed hydra's attack.
The eight-headed hydra bites you.
The eight-headed hydra bites you but does no damage.
The eight-headed hydra barely misses you.
The eight-headed hydra bites you!
* * * LOW HITPOINT WARNING * * *
The eight-headed hydra completely misses you.
The eight-headed hydra bites you!
* * * LOW HITPOINT WARNING * * *
Your lightning spire shoots out a bolt of lightning at the eight-headed hydra!
The bolt of electricity hits the eight-headed hydra!
Unknown command.
Unknown command.
Unknown command.
As you read the scroll of fear, it crumbles to dust.
You assume a fearsome visage.
The fungus is unaffected.
The plant is unaffected.
The eight-headed hydra resists with some effort.
The bullfrog looks frightened!
The cane toad looks frightened!
The eight-headed hydra misses you. The eight-headed hydra bites you.
* * * LOW HITPOINT WARNING * * *
You block the eight-headed hydra's attack.
The eight-headed hydra bites you!
You die...

## ##.# ## #.
##...##.#
##.##....#...
##...#...:....
#F...........F
#.............
#....D.......
#...@.......
#............
#.......8.....
#..............
...............
##.............
#.............
####......P#P.


You could see an eight-headed hydra (ally target), a cane toad (fleeing), a
bullfrog (fleeing) and a friendly lightning spire (summoned).

Vanquished Creatures
  Harold (Lair:2)
  2 hydras (Lair:2)
  2 two-headed ogres (D:8)
  2 death yaks (Lair:2)
  A salamander mystic (Volcano)
  Pikel (D:4)
  2 salamanders (Volcano)
  A black mamba (Lair:3)
  3 cane toads
  A komodo dragon (Lair:1)
  A rime drake (Lair:1)
  2 jumping spiders (Lair:2)
  2 blink frogs (Lair:2)
  Sigmund (D:4)
  2 redbacks (Lair:2)
  2 basilisks
  8 yaks
  A steam dragon (D:8)
  A water moccasin (Lair:3)
  An ice beast (D:6)
  2 black bears
  2 sky beasts
  2 ogres
  3 wolves (Lair:2)
  2 centaurs
  3 lemures (D:4)
  A kobold brigand (D:7)
  5 bullfrogs
  A scorpion (D:5)
  A wyvern skeleton (D:7)
  3 water moccasin zombies
  3 killer bees (D:4)
  2 hounds
  A centaur skeleton (D:5)
  An iguana (D:4)
  3 orc wizards
  2 killer bee zombies
  6 adders
  A white imp (D:6)
  An adder skeleton (D:4)
  3 worms
  A dart slug (D:4)
  21 orcs
  6 ball pythons
  3 bats
  7 endoplasms
  5 goblins
  5 hobgoblins
  12 jackals
  5 kobolds
  4 quokkas
  2 frilled lizards (D:1)
  3 rats
159 creatures vanquished.

Vanquished Creatures (collateral kills)
  Fannar (Lair:1)
  A hydra (Lair:2)
  3 death yaks (Lair:3)
  A hell knight (Volcano)
  3 salamanders (Volcano)
  2 cane toads (Lair:1)
  Maggie (Lair:2)
  3 komodo dragons
  2 jumping spiders (Lair:2)
  A polar bear (Lair:1)
  A blink frog (Lair:2)
  A wyvern (D:8)
  A redback (Lair:2)
  10 yaks
  2 basilisks (D:8)
  A steam dragon (D:8)
  A swamp worm (Lair:2)
  2 water moccasins
  An orc warrior (D:8)
  2 necrophages (D:8)
  3 wolves (Lair:2)
  2 bullfrogs (Lair:3)
  A scorpion (D:7)
  A shadow imp (D:7)
  6 orcs (D:8)
53 creatures vanquished.

Vanquished Creatures (others)
  A sky beast (D:8)
  15 fungi
  15 plants
31 creatures vanquished.

Grand Total: 243 creatures vanquished

Notes
Turn   | Place    | Note
-------+----------+-------------------------------------------
     0 | D:1      | quinnr the Tengu Air Elementalist began the quest for the
                  | Orb.
     0 | D:1      | Reached XP level 1. HP: 10/10 MP: 4/4
   160 | D:1      | Found a faded altar of an unknown god.
   265 | D:1      | Reached XP level 2. HP: 15/15 MP: 0/6
   478 | D:1      | Reached skill level 5 in Air Magic
  1047 | D:2      | Reached XP level 3. HP: 19/19 MP: 7/7
  1311 | D:2      | Reached skill level 6 in Air Magic
  1451 | D:2      | Reached XP level 4. HP: 24/24 MP: 5/8
  2133 | D:2      | Learned a level 4 spell: Airstrike
  2628 | D:3      | Found a shimmering blue altar of Sif Muna.
  2986 | D:4      | Noticed Sigmund
  2986 | D:4      | Noticed a black bear
  3086 | D:4      | Noticed an ogre
  3426 | D:3      | Killed an ogre
  3427 | D:3      | Reached skill level 1 in Shields
  3427 | D:3      | Reached skill level 7 in Air Magic
  3427 | D:3      | Gained mutation: Your magical nature lets you fly swiftly
                  | and evasively. [Tengu growth]
  3427 | D:3      | Reached XP level 5. HP: 28/28 MP: 0/10
  3551 | D:3      | Killed a black bear
  3552 | D:3      | Reached XP level 6. HP: 16/32 MP: 0/11
  3756 | D:5      | Entered Level 5 of the Dungeon
  3756 | D:5      | Found a sacrificial altar of Ru.
  3765 | D:5      | Found a blossoming altar of Fedhas.
  3828 | D:5      | Found Wexo's Hydra Hut.
  3829 | D:5      | Noticed a six-headed hydra
  3879 | D:5      | Reached skill level 8 in Air Magic
  4432 | D:5      | Reached skill level 1 in Short Blades
  4432 | D:5      | Reached XP level 7. HP: 32/36 MP: 5/12
  4687 | D:5      | Reached skill level 9 in Air Magic
  5299 | D:4      | Killed Sigmund
  5300 | D:4      | Reached skill level 10 in Air Magic
  5300 | D:4      | Reached XP level 8. HP: 41/41 MP: 0/13
  5824 | D:4      | Found a staircase to the Ecumenical Temple.
  5831 | Temple   | Entered the Ecumenical Temple
  5974 | Temple   | Became a worshipper of Vehumet
  6212 | D:4      | Noticed Pikel
  6456 | D:4      | Found a shadowy altar of Dithmenos.
  6497 | D:4      | Found a staircase to the Ecumenical Temple.
  6558 | D:4      | Killed Pikel
  6559 | D:4      | Reached skill level 12 in Air Magic
  7352 | D:6      | Identified the +7 hand axe of Popular Demand {antimagic,
                  | *Slow rN+++}
  7711 | D:6      | Learned a level 4 spell: Summon Lightning Spire
  7754 | D:7      | Reached XP level 9. HP: 44/46 MP: 12/14
  7833 | D:7      | Found a white marble altar of Elyvilon.
  7906 | D:7      | Reached skill level 1 in Summonings
  8091 | D:7      | Reached skill level 1 in Fighting
  8934 | D:8      | Reached skill level 13 in Air Magic
  9403 | D:8      | Found a staircase to the Lair.
  9430 | D:8      | Noticed a two-headed ogre
  9456 | D:8      | Killed a two-headed ogre
  9669 | D:8      | Reached * piety under Vehumet
  9669 | D:8      | Offered knowledge of Sandblast by Vehumet.
  9677 | D:8      | Learned a level 5 spell: Lightning Bolt
  9925 | D:7      | Reached XP level 10. HP: 56/56 MP: 8/17
 10021 | D:8      | Reached skill level 5 in Dodging
 10029 | D:8      | Reached skill level 5 in Stealth
 10037 | D:8      | Noticed a two-headed ogre
 10310 | D:8      | Reached skill level 5 in Spellcasting
 10370 | D:8      | Killed a two-headed ogre
 10371 | D:8      | Reached skill level 5 in Fighting
 10524 | D:8      | Identified the +3 scale mail of Understanding {Harm}
 10597 | Lair:1   | Entered Level 1 of the Lair of Beasts
 10603 | Lair:1   | Noticed a cane toad
 10826 | Lair:1   | Noticed Fannar
 10875 | Lair:1   | Killed Fannar
 10933 | Lair:1   | Reached skill level 14 in Air Magic
 10996 | Lair:1   | Found a dark tunnel.
 11002 | Volcano  | Entered a volcano
 11114 | Volcano  | Noticed a hell knight
 11114 | Volcano  | Noticed a salamander
 11114 | Volcano  | Noticed a salamander
 11123 | Volcano  | Killed a hell knight
 11129 | Volcano  | Killed a salamander
 11130 | Volcano  | Reached XP level 11. HP: 24/63 MP: 2/22
 11161 | Volcano  | Killed a salamander
 11162 | Volcano  | Reached skill level 1 in Evocations
 11274 | Volcano  | Noticed a salamander
 11285 | Volcano  | Killed a salamander
 11381 | Volcano  | Noticed a salamander
 11397 | Volcano  | Killed a salamander
 11487 | Volcano  | Noticed a salamander
 11487 | Volcano  | Noticed a salamander mystic
 11490 | Volcano  | Killed a salamander
 11491 | Volcano  | Killed a salamander mystic
 11492 | Volcano  | Reached skill level 15 in Air Magic
 11574 | Volcano  | Identified the +1 pair of boots "Cauk" {rF+ Str+4 Int-4
                  | Dex+3}
 12753 | Lair:2   | Reached skill level 5 in Evocations
 12880 | Lair:2   | Reached ** piety under Vehumet
 12888 | Lair:2   | Offered knowledge of Foxfire by Vehumet.
 13263 | Lair:2   | Found a hole to the Spider Nest.
 13462 | Lair:2   | Reached skill level 16 in Air Magic
 13544 | Lair:2   | Noticed Harold
 13602 | Lair:2   | Noticed a five-headed hydra
 13613 | Lair:2   | Killed a five-headed hydra
 13763 | Lair:2   | Identified the +5 ring mail "Aney" {Regen+}
 14022 | Lair:2   | Noticed Maggie
 14031 | Lair:2   | Killed Maggie
 14032 | Lair:2   | Reached XP level 12. HP: 68/68 MP: 11/23
 14333 | Lair:2   | Noticed a seven-headed hydra
 14341 | Lair:2   | Killed a seven-headed hydra
 14342 | Lair:2   | Reached skill level 17 in Air Magic
 14343 | Lair:2   | Noticed a four-headed hydra
 14351 | Lair:2   | Killed a four-headed hydra
 14565 | Lair:2   | Found a staircase to the Swamp.
 14656 | Lair:2   | Killed Harold
 15106 | Lair:3   | Noticed a death yak
 15109 | Lair:3   | Noticed a death yak
 15112 | Lair:3   | Killed a death yak
 15113 | Lair:3   | Noticed a death yak
 15117 | Lair:3   | Killed a death yak
 15117 | Lair:3   | Noticed a death yak
 15121 | Lair:3   | Noticed a death yak
 15762 | Lair:2   | Killed a death yak
 15831 | Lair:2   | Killed a death yak
 16207 | Lair:3   | Killed a death yak
 16208 | Lair:3   | Reached skill level 18 in Air Magic
 16754 | Lair:4   | Noticed an eight-headed hydra
 16757 | Lair:4   | HP: 4/69 [eight-headed hydra (5)]
 16757 | Lair:4   | Slain by an eight-headed hydra

Illustrated notes

Levels and vault maps discovered:
D:1:      minmay_arrival_four_houses, layout_loops_ring,
          shapermc_ecumenical_altar_mp_highgroup
D:2:      layout_loops_ring
D:3:      layout_basic, amcnicky_altar_gilded, dk_vineyard_1
D:4:      layout_gridville, mainiacjoe_overflow_alcove_1,
          minmay_temple_entry_fiery, kennysheep_generic_room_13, uniq_pikel,
          uniq_sigmund
D:5:      layout_cave_pods, minitemple, doesnt_shop_hydraphobe
D:6:      layout_loops_ring
D:7:      layout_loops_corners, mainiacjoe_overflow_chevrons
D:8:      layout_rooms, david_lair_generic, hangedman_misty_isle
Temple:   regret_index_temple_waves
Lair:1:   layout_gridlike, nicolae_volcano_entry_lava_flow, grunt_megastairs_1,
          uniq_fannar
Lair:2:   layout_chaotic_city, palyth_hydra_swamp_entry,
          nicolae_spider_entry_tight_spaces, chequers_serial_rivers_micro_b,
          uniq_harold, uniq_maggie
Lair:3:   layout_concentric_octagons
Lair:4:   layout_cave_shapes, gauntlet_entry_generic,
          chequers_serial_rivers_micro_e

Skill      XL: |  1  2  3  4  5  6  7  8  9 10 11 12 |
---------------+-------------------------------------+-----
Air Magic      | 5 6 7 8 10 12 13 14 16 18 | 18.0
Shields        | 1 2 4 |  4.0
Spellcasting   | 3 4 7 |  7.0
Short Blades   | 1 |  1.0
Summonings     | 3 |  3.0
Fighting       | 3 5 |  5.8
Stealth        | 4 5 |  5.9
Dodging        | 4 5 |  5.0
Evocations     | 6 |  6.0
Conjurations   | 4 |  4.0

Action                   |  1- 3 |  4- 6 |  7- 9 | 10-12 || total
-------------------------+-------+-------+-------+-------++-------
Melee: Dagger            |     7 |    40 |    84 |    20 ||   151
       Kick              |     4 |     9 |    31 |    17 ||    61
       Peck              |     3 |    12 |    23 |    15 ||    53
       Staff             |       |       |       |    29 ||    29
Throw: Dart              |       |       |       |     5 ||     5
 Cast: Shock             |    65 |    67 |   133 |   176 ||   441
       Airstrike         |       |     6 |    38 |    47 ||    91
       Summon Lightning  |       |       |    17 |    58 ||    75
       Lightning Bolt    |       |       |       |    22 ||    22
Evoke: Wand              |       |       |       |     9 ||     9
  Use: Scroll            |       |     7 |     7 |     9 ||    23
 Stab: Sleeping          |       |     1 |       |     2 ||     3
       Distracted        |       |       |       |     2 ||     2
Armor: Robe              |     3 |    12 |    32 |    13 ||    60
Dodge: Dodged            |     4 |    27 |    62 |    88 ||   181
Block: Buckler           |       |    13 |    30 |    39 ||    82

Table legend: (Time is in decaauts)
 A = Elapsed time spent in this place.
 B = Non-inter-level travel time spent in this place.
 C = Inter-level travel time spent in this place.
 D = Time resting spent in this place.
 E = Time spent auto-exploring this place.
 F = Levels seen in this place.
 G = Mean time per level.
                   A        B        C        D        E       F      G
               +--------+--------+--------+--------+--------+-----+--------+
         Total |  16135 |  15450 |    685 |   2883 |  10017 |  14 | 1152.5 |
       Dungeon |  10067 |   9563 |    504 |   1438 |   6708 |   8 | 1258.4 |
        Temple |    170 |    101 |     69 |      0 |     99 |   1 |  170.0 |
          Lair |   5291 |   5181 |    110 |   1103 |   3072 |   4 | 1322.8 |
       Volcano |    606 |    606 |      0 |    342 |    138 |   1 |  606.0 |
               +--------+--------+--------+--------+--------+-----+--------+

Top non-repeatable levels by time:
  Lair:2: 2773 daAuts
     D:7: 1815 daAuts
     D:3: 1612 daAuts
     D:4: 1587 daAuts
  Lair:1: 1474 daAuts
     D:2: 1126 daAuts
  Lair:3: 1041 daAuts
     D:5: 1040 daAuts
     D:1: 1037 daAuts
     D:8: 932 daAuts
     D:6: 915 daAuts
 Volcano: 606 daAuts
  Temple: 170 daAuts
  Lair:4: 2 daAuts
